 Dungeon Crawl Stone Soup version 0.30-a0-726-gd89dcf765f (webtiles) character file.

Game seed: 3249908571908009042

837802 M4edhros the Warrior (level 27, -2/236 HPs)
             Began as an Octopode Monk on Jan 27, 2023.
             Was a Priest of Cheibriados.
             Killed from afar by Vevot the pandemonium lord (46 damage)
             ... with an arc of chain lightning
             ... in Pandemonium on Jan 29, 2023.
             The game lasted 04:18:05 (33233 turns).

M4edhros the Warrior (Octopode Monk)               Turns: 33233, Time: 04:18:06

Health: -2/236     AC: 32    Str: 16    XL:     27
Magic:  40/47      EV: 46    Int: 34    God:    Cheibriados [***...]
Gold:   2297       SH: 30    Dex: 40    Spells: 8/66 levels left

rFire   + . .      SeeInvis +      - Unarmed
rCold   + . .      Faith    .    d - +0 tower shield "Damnable Contraption" {Str-4 Int+4 Dex+3 Slay+3}
rNeg    + + .      Spirit   .    w - +2 hat
rPois   ∞          Reflect  .    i - amulet of Vitality {RegenMP++ Regen++}
rElec   +          Harm     .    o - +5 ring of evasion
rCorr   +          Rampage  .    r - +5 ring of evasion
Will    +++..      Clarity  +    W - ring of flight
Stlth   +++++++++                b - ring of Fennar {Wiz rN+ rCorr Dex+4}
HPRegen 2.19/turn                k - ring "Fumim" {Drain rElec rF+ rC+ rCorr}
MPRegen 1.10/turn                g - +6 ring of intelligence
                                 C - ring of the Octopus King {HP+2 AC+2 EV+2 SH+2 SInv}
                                 X - ring of willpower

@: statue-form, flying, studying 2 skills, unable to drink, very slow
A: slow and powerful, torment resistance 1, boosted hp, almost no armour,
amphibious, 8 rings, camouflage 1, (gelatinous body 1), (nimble swimmer 1),
tentacles, clarity, clever 1, frail 1, poison resistance, subdued magic 1,
inability to drink after injury 1
}: 9/15 runes: serpentine, barnacled, silver, iron, obsidian, icy, bone,
demonic, dark
a: End Transformation, Renounce Religion, Bend Time, Temporal Distortion


You were in Pandemonium.
You worshipped Cheibriados.
Cheibriados was most pleased with you.
You were a living statue of rough stone.
You visited 16 branches of the dungeon, and saw 78 of its levels.
You visited Pandemonium 2 times, and saw 7 of its levels.
You also visited: Ice Cave.

You collected 8695 gold pieces.
You spent 6398 gold pieces at shops.

Inventory:

Missiles
 l - 4 curare-tipped darts (quivered)
 m - a javelin
 v - 6 silver javelins
 D - 3 throwing nets
 H - 13 atropa-tipped darts
Armour
 d - the +0 tower shield "Damnable Contraption" (worn) {Str-4 Int+4 Dex+3 Slay+3}
   (You took it off a daeva in Pandemonium)

   Str:       It affects your strength (-4).
   Int:       It affects your intelligence (+4).
   Dex:       It affects your dexterity (+3).
   Slay:      It affects your accuracy & damage with ranged weapons and melee
   (+3).
 w - a +2 hat (worn)
Jewellery
 b - the ring of Fennar (on tentacle) {Wiz rN+ rCorr Dex+4}
   (You found it on level 7 of Cocytus)

   [ring of wizardry]

   It improves your spell success rate.
   Dex:       It affects your dexterity (+4).
   rN:        It protects you from negative energy.
   rCorr:     It protects you from acid and corrosion.
 g - a +6 ring of intelligence (on tentacle)
 i - the amulet of Vitality (around mantle) {RegenMP++ Regen++}
   (You bought it in a shop on level 2 of the Orcish Mines)

   [amulet of magic regeneration]

   It increases your rate of magic regeneration.
   Regen:     It increases your rate of health regeneration.
 k - the ring "Fumim" (on tentacle) {Drain rElec rF+ rC+ rCorr}
   (You took it off a deep elf sorcerer on level 3 of the Elven Halls)

   [ring of protection from cold]

   rF:        It protects you from fire.
   rC:        It protects you from cold.
   rElec:     It insulates you from electricity.
   rCorr:     It protects you from acid and corrosion.
   Drain:     It drains your maximum health when unequipped.
 o - a +5 ring of evasion (left tentacle)
 r - a +5 ring of evasion (right tentacle)
 s - a +6 ring of intelligence
 y - a +5 ring of evasion
 C - a ring of the Octopus King (on tentacle) {HP+2 AC+2 EV+2 SH+2 SInv}
   (You found it on level 7 of the Iron City of Dis)

   [ring of see invisible]

   AC:        It affects your AC (+2).
   EV:        It affects your evasion (+2).
   HP:        It affects your health (+2).
   SInv:      It lets you see invisible.
   SH:        It affects your SH (+2).
 E - a ring of protection from cold
 O - the ring "Dimau" {rElec rN+ Slay+4}
   (You found it on level 5 of the Vaults)

   [ring of slaying]

   Slay:      It affects your accuracy & damage with ranged weapons and melee
   (+4).
   rElec:     It insulates you from electricity.
   rN:        It protects you from negative energy.
 W - a ring of flight (on tentacle)
 X - a ring of willpower (on tentacle)
Wands
 c - a wand of flame (48)
 p - a wand of quicksilver (21)
 x - a wand of roots (12)
 G - a wand of digging (9)
Scrolls
 f - 2 scrolls of blinking
 h - 2 scrolls of poison
 j - 7 scrolls of immolation
 n - 9 scrolls of fog
 t - 7 scrolls of enchant armour
 B - 5 scrolls of fear
 I - 2 scrolls of butterflies
 J - a scroll of amnesia
 K - 6 scrolls of teleportation
 P - 2 scrolls of silence
Potions
 a - 4 potions of ambrosia
 e - 4 potions of lignification
 u - 7 potions of brilliance
 z - 3 potions of heal wounds
 A - 9 potions of attraction
 F - 2 potions of cancellation
 N - 7 potions of mutation
 Q - 4 potions of resistance
 R - 2 potions of magic
 T - 2 potions of invisibility
 U - a potion of berserk rage
 V - 3 potions of might
 Z - 13 potions of curing
Miscellaneous
 q - a condenser vane
 L - a box of beasts
 M - a phantom mirror
 S - a lightning rod (4/4)
 Y - a phial of floods


   Skills:
 - Level 20.0 Fighting
 - Level 15.4 Dodging
 - Level 18.0 Stealth
 - Level 18.6 Shields
 - Level 20.0 Unarmed Combat
 - Level 20.0 Spellcasting
 - Level 4.0 Hexes
 - Level 10.0 Summonings
 - Level 3.0 Necromancy
 - Level 16.0 Translocations
 - Level 12.0 Transmutations
 * Level 19.9 Ice Magic
 - Level 8.0 Earth Magic
 - Level 5.0 Poison Magic
 - Level 15.7 Invocations


You had 8 spell levels left.
You knew the following spells:

 Your Spells              Type           Power      Damage    Failure   Level
a - Malign Gateway        Summ/Tloc      38%        N/A       3%          7
b - Disjunction           Tloc           41%        N/A       8%          8
c - Frozen Ramparts       Ice            100%       1d16      0%          3
d - Apportation           Tloc           100%       N/A       0%          1
e - Polar Vortex          Ice            46%        N/A       22%         9
g - Simulacrum            Ice/Necr       36%        N/A       1%          6
h - Statue Form           Tmut/Erth      45%        N/A       1%          6
i - Vhi's Electric Charg  Tloc/Air       100%       N/A       1%          3
j - Eringya's Noxious Bo  Tmut/Pois      31%        N/A       3%          6
k - Summon Forest         Summ/Tloc      38%        N/A       1%          5
l - Manifold Assault      Tloc           83%        N/A       0%          4

Your spell library contained the following spells:

 Spells                   Type           Power      Damage    Failure   Level
 Beastly Appendage        Tmut           100%       N/A       0%          1
 Freeze                   Ice            100%       1d10      0%          1
 Summon Small Mammal      Summ           100%       N/A       0%          1
 Blink                    Tloc           100%       N/A       0%          2
 Lesser Beckoning         Tloc           100%       N/A       0%          2
 Wereblood                Tmut           73%        N/A       0%          2
 Ozocubu's Armour         Ice            92%        N/A       0%          3
 Teleport Other           Tloc           83%        N/A       0%          3
 Ice Form                 Ice/Tmut       83%        N/A       0%          4
 Passage of Golubria      Tloc           83%        N/A       0%          4
 Foxfire                  Conj/Fire      100%       2x1d9     1%          1
 Kiss of Death            Conj/Necr      100%       2d13      1%          1
 Necrotise                Necr           100%       1d9       1%          1
 Slow                     Hex            100%       N/A       1%          1
 Momentum Strike          Conj/Tloc      100%       3d10      1%          2
 Static Discharge         Conj/Air       52%        2-5/arc   1%          2
 Confusing Touch          Hex            47%        N/A       1%          3
 Dazzling Flash           Conj/Hex       72%        N/A       1%          3
 Hailstorm                Conj/Ice       68%        3d14      1%          3
 Ignite Poison            Fire/Tmut/Pois 54%        N/A       1%          3
 Inner Flame              Hex/Fire       36%        N/A       1%          3
 Kindle Blastsparks       Fire/Tloc/Air  100%       2d18      1%          3
 Spider Form              Tmut/Pois      63%        N/A       1%          3
 Stone Arrow              Conj/Erth      94%        3d12      1%          3
 Summon Guardian Golem    Hex/Summ       58%        N/A       1%          3
 Tukima's Dance           Hex            47%        N/A       1%          3
 Vampiric Draining        Necr           41%        2d8       1%          3
 Anguish                  Hex/Necr       22%        N/A       1%          4
 Cause Fear               Hex            23%        N/A       1%          4
 Iskenderun's Mystic Bla  Conj/Tloc      61%        2d13      1%          4
 Olgreb's Toxic Radiance  Pois           51%        N/A       1%          4
 Alistair's Intoxication  Tmut/Pois      42%        N/A       1%          5
 Blade Hands              Tmut           36%        N/A       1%          5
 Freezing Cloud           Conj/Ice/Air   28%        6-21      1%          5
 Irradiate                Conj/Tmut      27%        3d20      1%          5
 Metabolic Englaciation   Hex/Ice        36%        N/A       1%          5
 Yara's Violent Unravell  Hex/Tmut       30%        3d13      1%          5
 Dispersal                Tloc           41%        N/A       1%          6
 Summon Cactus Giant      Summ           34%        N/A       1%          6
 Ozocubu's Refrigeration  Ice            46%        4d17      1%          7
 Animate Dead             Necr           41%        N/A       2%          4
 Borgnjor's Vile Clutch   Necr/Erth      26%        N/A       2%          5
 Fulminant Prism          Conj/Hex       18%        3d10      3%          4
 Dragon Form              Tmut           36%        N/A       4%          7
 Agony                    Necr           41%        N/A       6%          5
 Silence                  Hex/Air        18%        N/A       10%         5
 Summon Hydra             Summ           34%        N/A       12%         7
 Arcjolt                  Conj/Air       13%        1d23      22%         5
 Fireball                 Conj/Fire      13%        3d7       22%         5
 Lightning Bolt           Conj/Air       13%        1d26      22%         5
 Storm Form               Tmut/Air       27%        N/A       50%         7
 Spellforged Servitor     Conj/Summ      25%        N/A       63%         7
 Summon Horrible Things   Summ           34%        N/A       63%         8
 Starburst                Conj/Fire      13%        6d5       75%         6
 Necromutation            Tmut/Necr      30%        N/A       92%         8
 Orb of Destruction       Conj           13%        9d7       99%         7
 Discord                  Hex            23%        N/A       100%        8
 Lehudib's Crystal Spear  Conj/Erth      23%        10d7      100%        8
 Death's Door             Necr           20%        N/A       100%        9
 Shatter                  Erth           30%        3d25*     100%        9
 Animate Armour           Summ/Erth      Unusable   N/A       N/A         4

Dungeon Overview and Level Annotations

Branches:
Dungeon (15/15)            Temple (1/1) D:5            Lair (5/5) D:8
 Shoals (4/4) Lair:2        Snake (4/4) Lair:3        Slime (0/5) Lair:4
    Orc (2/2) D:11            Elf (3/3) Orc:2        Vaults (5/5) D:13
  Crypt (3/3) Vaults:3       Tomb (0/3) Crypt:3      Depths (4/4) D:15
   Hell (visited)             Dis (7/7) Hell            Geh (7/7) Hell
    Coc (7/7) Hell            Tar (7/7) Hell            Zot (3/5) Depths:4
  IceCv (visited)

Altars:
Ashenzari
Cheibriados
Dithmenos
Elyvilon
Fedhas
Gozag
Hepliaklqana
Kikubaaqudgha
Makhleb
Nemelex Xobeh
Okawaru
Qazlal
Ru
Sif Muna
Trog
Uskayaw
Vehumet
Wu Jian
Xom
Yredelemnul
Zin
The Shining One

Shops:
D:3 ?   D:8 ?![!   D:10 [   D:13 *   Orc:2 *=(?*   Elf:1 (   Elf:2 *   Elf:3 *
Shoals:1 [   Snake:2 [***   Vaults:3 (   Depths:3 :=:   Depths:4 (

Portals:
Hell: Depths:1 Depths:2 Depths:3 Depths:4
Abyss: Depths:2 Depths:3
Pandemonium: Depths:2

Annotations:
Snake:1 1 runed translucent door, Zigma's ghost, adept DrMo
Coc:5 exclusion: 6 ice statues
Coc:7 Antaeus
Pan 2 runed translucent doors


Innate Abilities, Weirdness & Mutations

You are a living statue of rough stone.
Your actions are slow, but your melee attacks are powerful.
You are resistant to unholy torment.
Your maximum health is greatly increased.
You cannot wear most types of armour.
You are amphibious.
You can wear up to eight rings at the same time.
Your skin changes colour to match your surroundings (Stealth+).
((Your rubbery body absorbs attacks. (AC +1, EV +1)))
((You are camouflaged when in or above water. (Stealth+)))
You have tentacles for arms and can constrict up to eight enemies at once.
You possess an exceptional clarity of mind.
Your mind is acute. (Int +4, Str/Dex -1)
You are frail. (-10% HP)
Your system is resistant to poisons. (rPois)
Your spells are a little easier to cast, but a little less powerful.
You occasionally lose the ability to drink potions when taking damage.


Message History

The Hell Sentinel completely misses you.
Vevot gestures at you. The bolt of dispelling energy hits you!
You feel strangely stable.
Your magical effects are unravelling.
Casting: Vhi's Electric Charge (safe; 1% risk of failure)
Confirm with . or Enter, or press ? or * to list all spells.
You extend your transformation's duration.
You hear a chilling moan.
You block the hellwing's attack. x2
The Hell Sentinel completely misses you.
You block the Hell Sentinel's attack.
Vevot gestures.
Lightning arcs from Vevot's claws!
The bolt of lightning hits the Hell Sentinel!!
The Hell Sentinel resists.
The bolt of lightning hits you!! You resist.
You feel threatened and lose the ability to drink potions!
* * * LOW HITPOINT WARNING * * *
The bolt of lightning hits Vevot.
Vevot resists.
The smoke demon gestures at you. Something smites you!
* * * LOW HITPOINT WARNING * * *
The Hell Sentinel hits you but does no damage. x2
You hear a roar!
Unknown command.
Unknown command.
Unknown command.
Unknown command.
A smoke demon and a hellwing come into view.
The hellwing gives a chilling moan.
The Executioner gestures.
The Executioner seems to speed up.
You block the Executioner's attack. x2
The Executioner hits you but does no damage.
Vevot gestures.
Lightning arcs from Vevot's claws!
The bolt of lightning hits the Executioner!!
The Executioner resists.
The bolt of lightning hits Vevot but does no damage.
The bolt of lightning hits you!!! You resist.
You die...

.# # #+ #. .. #.#++#
#. .......... .'..+ +
....... ...+ '..+.#
....... ...#.#''#.#
.......##.# +..1.+
#........# ###&## #
#)......###..81###. #
#..§§.#.......433....
#
#..∩.........###4#...
# #..§..######## ...
. ## #.....# ....
.###.....# ...
.......##...# ##.
......## ....#
......#........


You could see Vevot (invisible), a Hell Sentinel, an Executioner (fast), 2
hellwings and 2 smoke demons.

Vanquished Creatures
  Asmodeus (Geh:7)
  Ereshkigal (Tar:7)
  A seraph (Pan)
  the Serpent of Hell (Geh:7)
  Gloorx Vloq (Pan)
  A dread lich (Vaults:5)
  Dispater (Dis:7)
  2 ancient liches
  4 juggernauts
  22 shard shrikes
  4 pandemonium lords (Pan)
  Vashnia (Snake:2)
  30 caustic shrikes
  Geryon (Hell)
  9 golden dragons
  Nikola (Snake:3)
  A pearl dragon (Pan)
  13 profane servitors
  12 bone dragons
  A spectral shard shrike (Tar:5)
  20 Tzitzimimeh
  9 Brimstone Fiends
  4 doom hounds
  An electric golem (Zot:2)
  3 iron giants (Dis:7)
  9 hellephants
  Rupert (D:13)
  3 tentacled monstrosities
  4 liches
  14 Hell Sentinels
  21 tainted leviathans
  12 Ice Fiends
  Asterion (Snake:3)
  A deep elf blademaster (Elf:3)
  9 titans
  23 searing wretches
  3 deep elf master archers (Elf:3)
  20 ancient champions
  The ghost of Ofaische the Severer, an adept HOFi of Beogh (Snake:2)
  3 sphinxes
  3 quicksilver dragons
  9 Executioners (Pan)
  A death cob (Zot:3)
  A nagaraja (Snake:3)
  7 tengu reavers
  4 shadow dragons
  5 storm dragons
  3 revenants
  13 narguns
  5 quicksilver elementals
  9 fire giants
  10 daevas (Pan)
  4 draconian knights
  8 deep elf sorcerers
  Aizul (Snake:2)
  2 draconian scorchers
  10 frost giants
  8 iron dragons
  A deep elf elementalist (Elf:3)
  Louise (Shoals:1)
  A ghost moth (Zot:3)
  A juggernaut zombie (Hell)
  16 balrugs
  3 ghouls
  A spectral caustic shrike (Tar:1)
  9 shard shrike simulacra
  8 vault wardens
  An orc warlord (Vaults:4)
  8 reapers
  6 draconian stormcallers
  3 cacodemons (Pan)
  23 angels (Pan)
  2 draconian shifters (Zot:3)
  14 ironbound preservers
  25 war gargoyles
  A draconian annihilator (Zot:2)
  A demonspawn corrupter (Pan)
  14 very ugly things
  10 stone giants
  2 demonspawn blood saints (Pan)
  A spriggan defender (Depths:2)
  3 curse skulls
  5 ironbound thunderhulks
  4 deep elf demonologists
  7 ophanim (Pan)
  25 putrid mouths
  4 vampire knights
  25 apis
  4 deep elf annihilators
  3 lorocyprocas (Pan)
  3 purple draconians
  6 black draconians
  3 yellow draconians
  16 wendigos
  23 elemental wellsprings
  3 red draconians
  Azrael (Orc:2)
  5 dire elephants
  2 green draconians
  5 white draconians
  8 iron golems
  6 spark wasps
  11 deep elf death magi
  2 mummy priests (Crypt:3)
  Snorg (Orc:2)
  3 green deaths (Pan)
  2 blizzard demons (Pan)
  2 merfolk javelineers (Shoals:4)
  A spectral kraken (Tar:7)
  Josephine (Orc:2)
  9 ettins
  10 jiangshi
  A spectral spriggan (Tar:6)
  5 deep elf high priests
  5 fire dragons
  An entropy weaver (shapeshifter) (D:14)
  5 merfolk impalers
  2 great orbs of eyes (Vaults:1)
  8 yaktaur captains
  A catoblepas (shapeshifter) (Vaults:5)
  Erolcha (Orc:2)
  A rakshasa (Depths:3)
  6 hydras
  3 ice dragons
  2 spriggan air magi (Depths:2)
  2 catoblepae (Shoals:3)
  28 vault guards
  4 juggernaut simulacra
  13 salamander tyrants
  9 caustic shrike simulacra
  4 hell beasts
  Erica (Lair:2)
  7 merfolk aquamancers
  3 merfolk avatars
  3 stokers
  3 ogre magi
  5 death yaks (Lair:5)
  2 spriggan skeletons
  6 ironbound frosthearts
  10 anacondas
  A satyr (Shoals:4)
  An alligator snapping turtle (Shoals:3)
  A death knight (Crypt:1)
  23 dancing weapons
  2 boulder beetles
  A death yak (shapeshifter) (Vaults:5)
  12 two-headed ogres
  17 centaur warriors
  A two-headed ogre (shapeshifter) (Vaults:5)
  5 deep troll shamans
  4 tengu warriors
  8 deep troll earth magi
  A spectral dire elephant (Tar:5)
  13 naga warriors
  4 vampire magi
  7 orc high priests
  A spriggan berserker (Depths:4)
  Urug (D:13)
  25 hell hogs
  11 naga sharpshooters
  13 soul eaters
  A titan skeleton (Depths:2)
  Amaemon (Lair:3)
  9 crystal echidnas
  18 sun demons
  10 shock serpents
  17 deep elf knights
  9 hell knights
  8 iron trolls
  A storm dragon skeleton (Pan)
  A golden dragon zombie (Hell)
  9 sixfirhies (Pan)
  5 salamander mystics
  10 skeletal warriors
  2 quicksilver dragon simulacra
  4 shadow demons
  2 goliath frogs (Lair:5)
  2 sun moths (Shoals:2)
  2 flayed ghosts
  6 sea snakes
  A swamp dragon (shapeshifter) (Vaults:5)
  A deep troll (shapeshifter) (Vaults:5)
  A sea snake (shapeshifter) (D:13)
  3 naga ritualists (Snake:4)
  17 cherubim (Pan)
  3 glowing orange brains
  2 shadow dragon zombies
  4 spriggan simulacra
  An iron giant skeleton (Crypt:2)
  2 wizards
  53 deep trolls
  11 deep elf archers
  2 tengu zombies (Hell)
  An iron dragon zombie (Hell)
  6 mana vipers
  An obsidian statue (Snake:2)
  4 phantasmal warriors
  9 necromancers
  15 deep elf zephyrmancers
  10 ironbound convokers
  11 lindwurms
  7 orc sorcerers
  10 harpies
  A lindwurm (shapeshifter) (Elf:2)
  26 deep elf pyromancers
  A wolf spider (Vaults:5)
  12 orc knights
  21 ugly things
  3 fauns
  A shadow dragon skeleton (Crypt:1)
  7 moths of wrath
  2 stone giant zombies
  7 large abominations (Pan)
  13 salamanders
  7 cyclopes
  3 frost giant zombies
  A jorogumo skeleton (Crypt:1)
  12 manticores
  10 elephants
  10 guardian serpents
  2 merfolk sirens
  31 black mambas
  A dire elephant zombie (Crypt:3)
  12 rust devils
  7 demonic crawlers
  6 titan simulacra
  13 vault sentinels
  9 molten gargoyles
  7 ice statues
  12 smoke demons
  10 naga magi
  Joseph (D:8)
  2 torpor snails (Lair:1)
  6 water nymphs
  21 cane toads
  An eye of devastation (shapeshifter) (Depths:2)
  4 spectral swamp worms (Tar:7)
  21 hellions
  7 orange demons
  An unseen horror (D:11)
  9 komodo dragons
  15 yaktaurs
  8 anaconda simulacra
  5 rime drakes
  An alligator snapping turtle skeleton (Crypt:3)
  8 freezing wraiths
  A bunyip simulacrum (Coc:1)
  4 guardian mummies (Crypt:3)
  A golden dragon simulacrum (Coc:1)
  2 sea snake skeletons (Hell)
  17 tormentors
  An iron giant simulacrum (Coc:4)
  2 ice devils
  4 tengu conjurers
  3 hellwings (Depths:2)
  2 silent spectres
  10 trolls
  21 merfolk
  3 meliai (D:13)
  2 red devils
  2 harpy zombies
  4 polar bears
  A hydra zombie (Hell)
  2 hydra skeletons (Hell)
  5 wind drakes
  22 blink frogs
  2 tyrant leeches (Lair:5)
  6 spriggan zombies
  An ettin zombie (Hell)
  3 harpy skeletons
  8 dream sheep
  5 snapping turtles
  An alligator skeleton (Hell)
  A fire giant simulacrum (Depths:1)
  13 slime creatures
  An iron dragon simulacrum (Coc:1)
  7 dire elephant simulacra
  8 ynoxinuls (Pan)
  3 flying skulls (Crypt:1)
  An air elemental (Elf:3)
  2 stone giant simulacra
  15 water elementals
  2 wyverns (Lair:5)
  7 wraiths
  3 ettin skeletons
  A black mamba skeleton (Hell)
  A shadow (D:7)
  60 yaks
  4 ushabtiu (Crypt:3)
  An alligator snapping turtle simulacrum (Coc:2)
  14 humans
  A yak (shapeshifter) (Elf:1)
  7 fire elementals
  A steam dragon (D:9)
  2 basilisks (Lair:1)
  2 neqoxecs (Depths:2)
  17 vampire mosquitoes
  Grum (D:8)
  4 chaos spawn (Pan)
  2 wargs (Orc:1)
  14 harpy simulacra
  20 nagas
  Edmund (D:6)
  A human zombie (Depths:1)
  4 hydra simulacra
  3 hell hounds
  21 water moccasins
  A glowing shapeshifter zombie (Hell)
  2 naga skeletons
  A floating eye (shapeshifter) (Vaults:5)
  A floating eye (Depths:2)
  31 orc warriors
  4 ettin simulacra
  5 black bears
  6 sky beasts
  14 wolves
  16 ogres
  4 centaurs
  2 phantoms
  7 kobold brigands
  A rime drake skeleton (Crypt:3)
  A draconian zombie (Crypt:3)
  A gnoll sergeant (D:12)
  15 bullfrogs
  6 scorpions
  A cane toad simulacrum (IceCv)
  10 killer bees (D:9)
  2 elephant simulacra (IceCv)
  9 electric eels
  5 lava snakes
  Crazy Yiuf (D:3)
  A gnoll bouda (D:7)
  A hound (D:5)
  6 jellies
  17 orc priests
  2 iguanas
  19 orc wizards
  An ice beast zombie (Crypt:3)
  21 gnolls
  12 adders
  2 shadow imps (D:7)
  A white imp (D:7)
  2 worms
  3 dart slugs
  53 orcs
  8 endoplasms
  3 giant cockroaches
  8 goblins
  10 hobgoblins
  8 jackals
  3 quokkas
  2 ball pythons
  3 bats
  5 frilled lizards
  22 kobolds
  12 rats
  18 fire vortices
  A plant (Elf:2)
  A tentacle (Tar:7)
2441 creatures vanquished.

Vanquished Creatures (collateral kills)
  A pearl dragon (Pan)
  An Executioner (Pan)
  5 daevas (Pan)
  2 angels (Pan)
  6 ophanim (Pan)
  2 apis (Pan)
  A putrid mouth (Tar:5)
  A sea snake (Snake:2)
  2 cherubim (Pan)
  A deep elf archer (Elf:1)
  2 black mambas (Snake:2)
  A demonic crawler (Pan)
  An orange demon (Pan)
  A harpy skeleton (Pan)
  A ynoxinul (Pan)
  2 chaos spawn (Pan)
  2 hell hounds (Orc:2)
  A cane toad simulacrum (IceCv)
  A wolf simulacrum (IceCv)
  An orc (Orc:2)
35 creatures vanquished.

Vanquished Creatures (others)
  A Tzitzimitl (Pan)
  A hellephant (Geh:1)
  An Ice Fiend (Coc:6)
  12 eldritch tentacles (Pan)
  An ancient champion (Crypt:3)
  2 shard shrike simulacra
  A vault warden (Vaults:5)
  A wendigo (Coc:6)
  A white draconian (Zot:3)
  A juggernaut simulacrum (Coc:7)
  A deep elf knight (Vaults:5)
  A soul eater (Pan)
  2 quicksilver dragon simulacra
  An ugly thing (IceCv)
  2 titan simulacra
  An iron giant simulacrum (Coc:6)
  An anaconda simulacrum (Coc:7)
  2 stone giant simulacra
  2 dire elephant simulacra
  2 harpy simulacra (Coc:7)
  2 dancing weapons (Orc:2)
  An ettin simulacrum (Coc:6)
  An ogre (Orc:2)
  An orc (Orc:2)
  A butterfly (Depths:1)
  A creeping inferno (Geh:5)
  31 fungi
  237 plants
  3 tentacles (Tar:7)
315 creatures vanquished.

Grand Total: 2791 creatures vanquished

Notes
Turn   | Place    | Note
-------+----------+-------------------------------------------
     0 | D:1      | M4edhros the Octopode Monk began the quest for the Orb.
     0 | D:1      | Reached XP level 1. HP: 16/16 MP: 1/1
   222 | D:2      | Reached XP level 2. HP: 21/21 MP: 2/2
   308 | D:2      | Reached XP level 3. HP: 26/26 MP: 3/3
   460 | D:3      | Found Ucluz's Magic Scroll Shop.
   581 | D:4      | Reached XP level 4. HP: 31/31 MP: 4/4
   585 | D:4      | Reached skill level 5 in Unarmed Combat
   612 | D:4      | Noticed a scorpion
   619 | D:4      | Killed a scorpion
   620 | D:4      | Reached XP level 5. HP: 29/36 MP: 5/5
   853 | D:4      | Noticed a phantom
   872 | D:4      | Killed a phantom
  1048 | D:4      | Noticed a sky beast
  1062 | D:4      | Killed a sky beast
  1063 | D:4      | Reached XP level 6. HP: 17/42 MP: 6/6
  1162 | D:4      | Found a shimmering altar of Xom.
  1164 | D:4      | Found a sacrificial altar of Ru.
  1169 | D:4      | Found a stormy altar of Qazlal.
  1170 | D:4      | Found a glowing golden altar of the Shining One.
  1171 | D:4      | Found a basalt altar of Yredelemnul.
  1171 | D:4      | Found a hide-covered altar of Uskayaw.
  1171 | D:4      | Found a glowing silver altar of Zin.
  1172 | D:4      | Found a hazy altar of Hepliaklqana.
  1173 | D:4      | Found an ancient bone altar of Kikubaaqudgha.
  1174 | D:4      | Found an iron altar of Okawaru.
  1176 | D:4      | Found a shimmering blue altar of Sif Muna.
  1177 | D:4      | Found a bloodstained altar of Trog.
  1186 | D:4      | Became a worshipper of Xom the Less-Predictable
  1319 | D:4      | Noticed a black bear
  1328 | D:4      | Killed a black bear
  1329 | D:4      | Reached XP level 7. HP: 17/46 MP: 7/7
  1683 | D:5      | Entered Level 5 of the Dungeon
  1863 | D:5      | XOM: potion effect (might)
  2184 | D:5      | Found a staircase to the Ecumenical Temple.
  2198 | Temple   | Entered the Ecumenical Temple
  2332 | Temple   | Fell from the grace of Xom
  2332 | Temple   | Became a worshipper of Cheibriados the Contemplative
  2496 | D:2      | XOM: draining
  2883 | D:1      | Reached * piety under Cheibriados
  3327 | D:2      | Reached XP level 8. HP: 42/45 MP: 8/8
  3770 | D:3      | XOM: give mutation
  3770 | D:3      | Gained mutation: You are vulnerable to cold. (rC-) [Xom's
                  | mischief]
  3948 | D:3      | Found a runed translucent door.
  3949 | D:3      | Noticed Crazy Yiuf
  4093 | D:3      | XOM: give mutations
  4093 | D:3      | Gained mutation: You have a pair of small antennae on your
                  | head. [Xom's mischief]
  4093 | D:3      | Gained mutation: You are dopey. (Int -2) [Xom's mischief]
  4093 | D:3      | Gained mutation: You occasionally lose the ability to drink
                  | potions when taking damage. [Xom's mischief]
  4093 | D:3      | Gained mutation: You are robust. (+10% HP) [Xom's mischief]
  4271 | D:3      | Reached ** piety under Cheibriados
  4284 | D:3      | Learned a level 3 spell: Ozocubu's Armour
  4288 | D:3      | Learned a level 3 spell: Tukima's Dance
  4375 | D:3      | Killed Crazy Yiuf
  4561 | D:5      | Reached skill level 1 in Hexes
  4561 | D:5      | Reached skill level 1 in Ice Magic
  4565 | D:5      | Reached skill level 1 in Spellcasting
  5053 | D:6      | XOM: 4-stop teleportation journey
  5231 | D:6      | Noticed Edmund
  5245 | D:6      | Killed Edmund
  5246 | D:6      | Reached skill level 10 in Unarmed Combat
  5368 | D:7      | Reached XP level 9. HP: 48/61 MP: 12/12
  5524 | D:7      | Reached *** piety under Cheibriados
  5532 | D:7      | XOM: 2-stop teleportation journey
  5606 | D:7      | Reached skill level 5 in Dodging
  5625 | D:8      | Found Ditsol's Magic Scroll Shop.
  5629 | D:8      | Bought a scroll of blinking for 105 gold pieces
  5683 | D:8      | Found Fecer's Distillery.
  5686 | D:8      | Bought a potion of lignification for 39 gold pieces
  5686 | D:8      | Bought a potion of lignification for 39 gold pieces
  5686 | D:8      | Bought a potion of might for 52 gold pieces
  5741 | D:8      | Noticed Grum
  5752 | D:8      | Killed Grum
  5911 | D:8      | Found Qabreer's Armour Emporium.
  5916 | D:8      | Noticed Joseph
  5931 | D:8      | Killed Joseph
  6084 | D:8      | Found Luusk's Distillery.
  6090 | D:8      | Bought a potion of heal wounds for 70 gold pieces
  6286 | D:9      | Reached **** piety under Cheibriados
  6287 | D:9      | Reached XP level 10. HP: 21/69 MP: 15/15
  6473 | D:9      | XOM: silly message
  6520 | D:9      | Identified a scroll of acquirement
  6520 | D:9      | Acquired 539 gold pieces
  6575 | D:8      | Bought 2 potions of heal wounds for 140 gold pieces
  6575 | D:8      | Bought a potion of heal wounds for 70 gold pieces
  6575 | D:8      | Bought 2 potions of heal wounds for 140 gold pieces
  6575 | D:8      | Bought a potion of berserk rage for 70 gold pieces
  6575 | D:8      | Bought a potion of attraction for 42 gold pieces
  6816 | D:9      | Learned a level 3 spell: Frozen Ramparts
  6822 | D:9      | Learned a level 5 spell: Metabolic Englaciation
  6826 | D:9      | Learned a level 3 spell: Hailstorm
  6912 | D:10     | Entered Level 10 of the Dungeon
  7075 | D:10     | XOM: noise
  7100 | D:11     | Noticed a boulder beetle
  7100 | D:11     | XOM: 1-stop teleportation journey
  7117 | D:11     | Killed a boulder beetle
  7118 | D:11     | Reached skill level 5 in Ice Magic
  7197 | D:11     | Found a staircase to the Orcish Mines.
  7211 | D:11     | Reached skill level 10 in Dodging
  7246 | D:11     | Reached XP level 11. HP: 69/73 MP: 1/17
  7291 | D:11     | XOM: cloud trail
  7341 | D:11     | Noticed a cyclops
  7342 | D:11     | Noticed a green ugly thing
  7351 | D:11     | Killed a green ugly thing
  7359 | D:11     | Killed a cyclops
  7460 | D:11     | Reached ***** piety under Cheibriados
  7472 | D:11     | Upgraded the game from 0.30-a0-721-ga6a225cb13 to
                  | 0.30-a0-722-g3e6e8c874d
  7717 | D:10     | Found Ymebb's Armour Shoppe.
  7769 | D:10     | Reached skill level 1 in Invocations
  7797 | D:10     | XOM: divination: detect items
  7827 | D:12     | Noticed a white ugly thing
  7933 | Orc:1    | Entered Level 1 of the Orcish Mines
  8141 | Orc:2    | Entered Level 2 of the Orcish Mines
  8141 | Orc:2    | Found a staircase to the Elven Halls.
  8148 | Orc:2    | Noticed Snorg
  8266 | Orc:2    | Noticed Azrael
  8515 | D:9      | Noticed a two-headed ogre
  8524 | D:9      | Killed a two-headed ogre
  8525 | D:9      | Reached skill level 5 in Invocations
  8689 | D:7      | XOM: give mutations
  8689 | D:7      | Gained mutation: You are partially covered in large bone
                  | plates. (SH +4) [Xom's mischief]
  8689 | D:7      | Gained mutation: You are clumsy. (Dex -2) [Xom's mischief]
  8689 | D:7      | Lost mutation: You are dopey. (Int -2) [Xom's mischief]
  8689 | D:7      | Gained mutation: You are weak. (Str -2) [Xom's mischief]
  8927 | D:7      | XOM: potion effect (brilliance)
  8986 | D:6      | XOM: god gift: robe {god gift}
  9111 | D:3      | Bought a scroll of fear for 52 gold pieces
  9111 | D:3      | Bought a scroll of magic mapping for 97 gold pieces
  9111 | D:3      | Bought a scroll of blinking for 97 gold pieces
  9193 | D:8      | Bought a scroll of butterflies for 56 gold pieces
  9193 | D:8      | Bought a scroll of magic mapping for 105 gold pieces
  9193 | D:8      | Bought a scroll of fog for 56 gold pieces
  9211 | D:8      | Found a staircase to the Lair.
  9246 | Lair:1   | Entered Level 1 of the Lair of Beasts
  9263 | Lair:1   | Reached skill level 5 in Stealth
  9354 | Lair:1   | Reached XP level 12. HP: 61/79 MP: 3/18
  9366 | Lair:1   | Identified the +7 plate armour "Dobaenix" {Dex+3}
  9454 | Lair:1   | Reached skill level 10 in Stealth
  9468 | Lair:1   | XOM: noise
  9468 | Lair:1   | Was forgiven by Xom
  9491 | Lair:1   | Lost mutation: You are robust. (+10% HP) [potion of
                  | mutation]
  9491 | Lair:1   | Lost mutation: You are partially covered in large bone
                  | plates. (SH +4) [potion of mutation]
  9491 | Lair:1   | Lost mutation: You are weak. (Str -2) [potion of mutation]
  9491 | Lair:1   | Gained mutation: You are dopey. (Int -2) [potion of
                  | mutation]
  9491 | Lair:1   | Gained mutation: You possess an exceptional clarity of
                  | mind. [potion of mutation]
  9514 | Lair:1   | You fall into a shaft and drop 1 floor!
  9543 | Lair:2   | Reached skill level 5 in Fighting
  9682 | Lair:1   | Noticed a seven-headed hydra
  9875 | Lair:1   | Killed a seven-headed hydra
 10139 | Lair:1   | Reached ****** piety under Cheibriados
 10242 | Lair:2   | Reached skill level 10 in Ice Magic
 10361 | Lair:2   | Lost mutation: You have a pair of small antennae on your
                  | head. [potion of mutation]
 10361 | Lair:2   | Lost mutation: You are dopey. (Int -2) [potion of mutation]
 10364 | Lair:2   | Noticed Erica
 10369 | Lair:2   | Killed Erica
 10551 | Lair:3   | Noticed a six-headed hydra
 10575 | Lair:3   | Reached skill level 5 in Spellcasting
 10630 | Lair:3   | Reached XP level 13. HP: 86/86 MP: 19/21
 10777 | Lair:2   | Learned a level 7 spell: Ozocubu's Refrigeration
 10823 | Lair:3   | Noticed Amaemon
 10835 | Lair:3   | Killed Amaemon
 10950 | Lair:4   | Found a staircase to the Slime Pits.
 11141 | Lair:4   | Found a frozen archway.
 11156 | IceCv    | Entered an ice cave
 12385 | Lair:4   | Lost mutation: You occasionally lose the ability to drink
                  | potions when taking damage. [potion of mutation]
 12385 | Lair:4   | Lost mutation: You are clumsy. (Dex -2) [potion of
                  | mutation]
 12385 | Lair:4   | Gained mutation: Your system is resistant to poisons.
                  | (rPois) [potion of mutation]
 12385 | Lair:4   | Gained mutation: Your magical capacity is low. (-10% MP)
                  | [potion of mutation]
 12385 | Lair:4   | Gained mutation: You are frail. (-10% HP) [potion of
                  | mutation]
 12385 | Lair:4   | Gained mutation: You are strong-willed. (Will+) [potion of
                  | mutation]
 12677 | Lair:5   | Entered Level 5 of the Lair of Beasts
 12726 | Lair:5   | Reached skill level 10 in Fighting
 12834 | Lair:5   | Reached XP level 14. HP: 56/89 MP: 14/22
 13648 | Orc:2    | Killed Azrael
 13675 | Orc:2    | Noticed Josephine
 13681 | Orc:2    | Reached skill level 15 in Ice Magic
 13683 | Orc:2    | Killed Josephine
 13897 | Orc:2    | Killed Snorg
 14027 | Orc:2    | Noticed Erolcha
 14044 | Orc:2    | Killed Erolcha
 14054 | Orc:2    | Found Didaanal's Assorted Antiques.
 14090 | Orc:2    | Bought a bubbling clear potion for 25 gold pieces
 14173 | Orc:2    | Reached XP level 15. HP: 61/92 MP: 9/25
 14181 | Orc:2    | Found Iriecs's General Store.
 14181 | Orc:2    | Found Farefah's Jewellery Shoppe.
 14185 | Orc:2    | Found Qoegiv's Magic Scroll Boutique.
 14189 | Orc:2    | Found Mywul's Weapon Boutique.
 14220 | Orc:2    | Bought the amulet of Vitality {RegenMP++ Regen++} for 1500
                  | gold pieces
 14220 | Orc:2    | Found the amulet of Vitality {RegenMP++ Regen++}
 14238 | Orc:2    | Learned a level 6 spell: Simulacrum
 14331 | Orc:1    | Reached skill level 1 in Necromancy
 14553 | D:13     | You fall into a shaft and drop 2 floors!
 14553 | D:15     | Entered Level 15 of the Dungeon
 14556 | D:15     | Found a staircase to the Depths.
 14556 | D:15     | Noticed a fire giant
 14629 | D:15     | Killed a fire giant
 14824 | D:14     | Reached skill level 1 in Shields
 14998 | D:13     | Noticed Rupert
 14998 | D:13     | Noticed Urug
 14998 | D:13     | Found a gate to the Vaults.
 15035 | D:14     | Reached skill level 10 in Spellcasting
 15106 | D:14     | Found a broken altar of Ashenzari.
 15206 | D:13     | Learned a level 4 spell: Ice Form
 15238 | D:13     | Killed Rupert
 15239 | D:13     | Killed Urug
 15252 | D:13     | Reached skill level 5 in Shields
 15271 | D:13     | Found Voexoit's Overcharged Wands.
 15799 | Lair:2   | Found a staircase to the Shoals.
 15838 | Shoals:1 | Entered Level 1 of the Shoals
 15868 | Shoals:1 | Reached XP level 16. HP: 92/99 MP: 3/27
 15913 | Shoals:1 | Noticed Louise
 15931 | Shoals:1 | Killed Louise
 16003 | Shoals:1 | Found Zickiucw's Armour Shop.
 16268 | Shoals:2 | Reached skill level 1 in Transmutations
 16499 | Shoals:3 | Learned a level 3 spell: Vhi's Electric Charge
 16662 | Shoals:4 | Entered Level 4 of the Shoals
 16817 | Shoals:4 | Reached skill level 5 in Transmutations
 17018 | Shoals:4 | Identified the +6 scale mail "Teynog" {Rampage Drain +Inv
                  | rPois}
 17095 | Shoals:4 | Reached XP level 17. HP: 107/107 MP: 7/29
 17127 | Shoals:4 | Got a barnacled rune of Zot
 17655 | Lair:3   | Found a staircase to the Snake Pit.
 17669 | Snake:1  | Entered Level 1 of the Snake Pit
 17689 | Snake:1  | Identified the +1 hand axe of Temperance {holy, rN++ rCorr
                  | Int+5}
 17750 | Snake:1  | Found a runed translucent door.
 17755 | Snake:1  | Found a shimmering altar of Xom.
 17755 | Snake:1  | Noticed Zigma's ghost (adept DrMo)
 17757 | Snake:1  | Identified the +1 triple sword of the Witching Seer {chaos,
                  | *Corrode rN+ Int+4 Dex+3}
 17987 | Snake:2  | Noticed Aizul
 17997 | Snake:2  | Killed Aizul
 18138 | Snake:2  | Found a runed translucent gate.
 18138 | Snake:2  | Found a runed translucent gate.
 18140 | Snake:2  | Found a runed translucent gate.
 18140 | Snake:2  | Found Zodues's Assorted Antiques.
 18140 | Snake:2  | Found an opulent altar of Gozag.
 18140 | Snake:2  | Found Aciy's Assorted Antiques.
 18143 | Snake:2  | Noticed Ofaische's ghost (adept HOFi)
 18179 | Snake:2  | Killed Ofaische's ghost
 18262 | Snake:2  | Bought an ivory ring for 140 gold pieces
 18262 | Snake:2  | Bought a scroll of teleportation for 84 gold pieces
 18262 | Snake:2  | Bought a scroll of teleportation for 84 gold pieces
 18281 | Snake:2  | Bought a potion of curing for 114 gold pieces
 18339 | Snake:2  | Noticed Vashnia
 18396 | Snake:2  | Killed Vashnia
 18449 | Snake:2  | Reached skill level 10 in Transmutations
 18484 | Snake:2  | Learned a level 7 spell: Dragon Form
 18488 | Snake:3  | Noticed Nikola
 18494 | Snake:3  | Killed Nikola
 18520 | Snake:3  | Noticed Asterion
 18623 | Snake:3  | Killed Asterion
 18770 | Snake:4  | Entered Level 4 of the Snake Pit
 18911 | Snake:4  | Reached XP level 18. HP: 113/113 MP: 8/31
 19074 | Snake:4  | Got a serpentine rune of Zot
 19239 | Snake:2  | Found Wiggeoph's Assorted Antiques.
 19239 | Snake:2  | Found Becsituj's Antique Armour Boutique.
 19284 | Snake:2  | Bought a potion of heal wounds for 90 gold pieces
 19284 | Snake:2  | Bought a potion of might for 72 gold pieces
 19685 | Orc:2    | Bought a scroll of fear for 48 gold pieces
 19685 | Orc:2    | Bought a scroll of fog for 48 gold pieces
 19685 | Orc:2    | Bought a scroll of silence for 114 gold pieces
 19685 | Orc:2    | Bought a scroll of blinking for 90 gold pieces
 19685 | Orc:2    | Bought a scroll of teleportation for 36 gold pieces
 19685 | Orc:2    | Bought a scroll of magic mapping for 90 gold pieces
 19727 | Elf:1    | Entered Level 1 of the Elven Halls
 19908 | Elf:2    | Found a huge runed translucent gate.
 19908 | Elf:2    | Found a huge runed translucent gate.
 19909 | Elf:2    | Found a huge runed translucent gate.
 19910 | Elf:2    | Found a huge runed translucent gate.
 19911 | Elf:2    | Found a huge runed translucent gate.
 19995 | Elf:1    | Reached XP level 19. HP: 120/120 MP: 5/33
 20311 | Elf:3    | Entered Level 3 of the Elven Halls
 20370 | Elf:3    | Found Letsia's Assorted Antiques.
 20520 | Elf:2    | Found Folo Caosu's Assorted Antiques.
 20541 | Elf:2    | Bought a scroll of blinking for 195 gold pieces
 20565 | Elf:3    | Paralysed by an air elemental for 1 turns
 20568 | Elf:3    | Identified the +7 hand axe "Zutucaw" {flame, Will+ Str+3
                  | Int+4}
 20645 | Elf:3    | Identified the amulet "Cukharghunuwk" {Reflect Contam Harm
                  | rElec rPois SH+5}
 20658 | Elf:3    | Reached skill level 15 in Dodging
 20659 | Elf:3    | Got Sif Muna's Parchment of Allied Firn
 20681 | Elf:3    | Identified the +7 scimitar of the Twelve Ziggurats {freeze,
                  | rElec rPois}
 20681 | Elf:3    | Identified the ring "Fumim" {Drain rElec rF+ rC+ rCorr}
 20681 | Elf:3    | Identified the +0 leather armour "Kull" {rElec rF+ rC-
                  | MP+9}
 20738 | Elf:3    | Identified the +7 sling of Nif Bashrihy {flame, rF- rCorr
                  | Int+6}
 20865 | Elf:3    | Learned a level 6 spell: Eringya's Noxious Bog
 21070 | Elf:1    | Found Jatwakk's Antique Weapon Emporium.
 21192 | Vaults:1 | Entered Level 1 of the Vaults
 21207 | Vaults:1 | Got Siejar's Directory of Ensnaring Blight
 21361 | Vaults:2 | Reached skill level 15 in Spellcasting
 21390 | Vaults:1 | Reached XP level 20. HP: 129/129 MP: 16/35
 21534 | Vaults:2 | Reached skill level 15 in Fighting
 21660 | Vaults:3 | Found Momiared's Antique Weapon Boutique.
 21922 | Vaults:3 | Reached skill level 15 in Unarmed Combat
 21922 | Vaults:3 | Reached skill level 1 in Poison Magic
 22140 | Vaults:4 | Reached skill level 5 in Poison Magic
 22276 | Vaults:5 | Entered Level 5 of the Vaults
 22296 | Vaults:5 | Reached XP level 21. HP: 128/138 MP: 9/36
 22431 | Vaults:5 | Noticed a golden dragon
 22434 | Vaults:5 | Killed a golden dragon
 22442 | Vaults:5 | Noticed an ancient lich
 22445 | Vaults:5 | Killed an ancient lich
 22458 | Vaults:5 | Identified the +3 glaive of the Globe {antimagic, Fragile
                  | Str+4 SInv}
 22549 | Vaults:5 | Identified the +8 shortbow "Jiyx" {elec, rC+ rCorr Int+3
                  | Dex-2}
 22571 | Vaults:5 | Got a silver rune of Zot
 22607 | Vaults:5 | Noticed a dread lich
 22624 | Vaults:5 | Killed a dread lich
 22675 | Vaults:5 | Identified the +0 demon trident "Jawiumn" {elec, Str+4
                  | Int-5}
 22742 | Vaults:5 | Noticed a golden dragon
 22749 | Vaults:5 | Killed a golden dragon
 22819 | Vaults:5 | Identified the +6 trident of Kemy {holy, Int+7}
 22834 | Vaults:5 | Got the Precepts of Terrain
 22845 | Vaults:5 | Learned a level 6 spell: Statue Form
 22902 | Vaults:5 | Acquired the ring "Galegrua" {Str+2 Int+3 SInv}
 22908 | Vaults:5 | Identified the ring "Dimau" {rElec rN+ Slay+4}
 23039 | Vaults:4 | Reached skill level 1 in Earth Magic
 23140 | Vaults:4 | Reached XP level 22. HP: 153/153 MP: 33/36
 23336 | Vaults:3 | Found a staircase to the Crypt.
 23345 | Crypt:1  | Entered Level 1 of the Crypt
 23378 | Crypt:1  | Reached skill level 5 in Earth Magic
 23446 | Crypt:3  | Entered Level 3 of the Crypt
 23585 | Crypt:3  | Noticed a profane servitor
 23598 | Crypt:3  | Killed a profane servitor
 23610 | Crypt:3  | Found an ancient bone altar of Kikubaaqudgha.
 23645 | Crypt:3  | Reached skill level 10 in Shields
 23673 | Crypt:3  | Found a basalt altar of Yredelemnul.
 23710 | Crypt:3  | Identified the ring of Piputs {Fly MP-9 Str+2 Int+3 SInv}
 23736 | Crypt:3  | Got Nuresaul's Writings on Necromancy
 23742 | Crypt:3  | Identified the +7 falchion of Dawn {freeze, Fragile rF+
                  | Dex+2 SInv}
 24336 | Depths:1 | Entered Level 1 of the Depths
 24376 | Depths:1 | Found an ancient bone altar of Kikubaaqudgha.
 24401 | Depths:2 | Found a one-way gate to the infinite horrors of the Abyss.
 24439 | Depths:2 | Reached XP level 23. HP: 141/158 MP: 17/37
 24497 | Depths:1 | Found a gateway to Hell.
 24805 | Depths:2 | Lost mutation: You are strong-willed. (Will+) [potion of
                  | mutation]
 24805 | Depths:2 | Lost mutation: Your magical capacity is low. (-10% MP)
                  | [potion of mutation]
 24805 | Depths:2 | Lost mutation: You are vulnerable to cold. (rC-) [potion of
                  | mutation]
 24805 | Depths:2 | Gained mutation: Your mind is acute. (Int +4, Str/Dex -1)
                  | [potion of mutation]
 24805 | Depths:2 | Gained mutation: Your spells are a little easier to cast,
                  | but a little less powerful. [potion of mutation]
 25007 | Depths:3 | Identified the +2 spear of the Hero {antimagic, Will+
                  | Str+4}
 25043 | Depths:3 | Noticed a golden dragon
 25047 | Depths:3 | Killed a golden dragon
 25237 | Depths:4 | Entered Level 4 of the Depths
 25253 | Depths:4 | Noticed a golden dragon
 25264 | Depths:4 | Reached skill level 15 in Shields
 25268 | Depths:4 | Killed a golden dragon
 25324 | Depths:4 | Noticed a golden dragon
 25335 | Depths:4 | Killed a golden dragon
 25382 | Depths:4 | Found a gate to the Realm of Zot.
 25394 | Zot:1    | Entered Level 1 of the Realm of Zot
 25540 | Zot:2    | Noticed a golden dragon
 25546 | Zot:2    | Killed a golden dragon
 25595 | Zot:3    | Noticed a golden dragon
 25603 | Zot:3    | Killed a golden dragon
 25605 | Zot:3    | Noticed a golden dragon
 25611 | Zot:3    | Killed a golden dragon
 25653 | Zot:3    | Noticed a golden dragon
 25656 | Zot:3    | Reached XP level 24. HP: 164/164 MP: 9/42
 25937 | Zot:1    | Paralysed by a Zot trap for 3 turns
 26124 | Depths:4 | Found Rextut's Antique Weapon Shoppe.
 26131 | Depths:4 | Found a sparkling altar of Nemelex Xobeh.
 26198 | Hell     | Entered the Vestibule of Hell
 26198 | Hell     | Noticed Geryon
 26307 | Hell     | Killed Geryon
 26369 | Hell     | Found a gateway to the ashen valley of Gehenna.
 26426 | Geh:1    | Entered Level 1 of Gehenna
 26584 | Geh:2    | Learned a level 5 spell: Summon Forest
 26697 | Geh:3    | Reached XP level 25. HP: 163/170 MP: 36/44
 26756 | Geh:4    | Reached skill level 1 in Summonings
 27022 | Geh:6    | Reached skill level 5 in Summonings
 27034 | Geh:7    | Entered Level 7 of Gehenna
 27182 | Geh:7    | Noticed the Serpent of Hell
 27201 | Geh:7    | Killed the Serpent of Hell
 27285 | Geh:7    | Got Guonocw's Elucidation of the Gestalt
 27360 | Geh:7    | Found the +7 sceptre of Asmodeus
 27360 | Geh:7    | Identified the +4 robe of the Thistle {-Tele Dex+3 Stlth+}
 27360 | Geh:7    | Noticed Asmodeus
 27383 | Geh:7    | Killed Asmodeus
 27397 | Geh:7    | Got an obsidian rune of Zot
 27514 | Hell     | Noticed an ancient lich
 27525 | Hell     | Found a gateway to the decaying netherworld of Tartarus.
 27531 | Hell     | Killed an ancient lich
 27559 | Tar:1    | Entered Level 1 of Tartarus
 27966 | Tar:6    | Reached XP level 26. HP: 158/158 MP: 44/44
 28000 | Tar:6    | Reached skill level 10 in Summonings
 28204 | Tar:7    | Entered Level 7 of Tartarus
 28399 | Tar:7    | Noticed Ereshkigal
 28412 | Tar:7    | Killed Ereshkigal
 28422 | Tar:7    | Found the +16 obsidian axe {drain, demonic, Mesm Drain Fly
                  | SInv}
 28428 | Tar:7    | Identified the +3 plate armour "Hioteubi" {+Blink Regen+
                  | Dex-2}
 28430 | Tar:7    | Got a bone rune of Zot
 28519 | Tar:7    | Reached skill level 10 in Invocations
 28527 | Tar:7    | Identified the +12 fire dragon scales of Fegecihe {rF++ rC-
                  | Slay+2}
 28775 | Hell     | Found a gateway to the freezing wastes of Cocytus.
 28787 | Coc:1    | Entered Level 1 of Cocytus
 28807 | Coc:1    | Reached XP level 27. HP: 133/180 MP: 43/44
 29002 | Coc:3    | Upgraded the game from 0.30-a0-722-g3e6e8c874d to
                  | 0.30-a0-726-gd89dcf765f
 29033 | Coc:4    | Reached skill level 15 in Stealth
 29186 | Coc:6    | Reached skill level 15 in Invocations
 29317 | Coc:7    | Entered Level 7 of Cocytus
 29330 | Coc:7    | Paralysed by a wendigo for 1 turns
 29344 | Coc:7    | Paralysed by a wendigo for 1 turns
 29409 | Coc:7    | Paralysed by a wendigo for 1 turns
 29423 | Coc:7    | Learned a level 4 spell: Manifold Assault
 29454 | Coc:7    | Reached skill level 1 in Translocations
 29548 | Coc:7    | Reached skill level 5 in Translocations
 29572 | Coc:7    | Noticed Antaeus
 29587 | Coc:7    | Got an icy rune of Zot
 29588 | Coc:7    | Identified the ring of Fennar {Wiz rN+ rCorr Dex+4}
 29701 | Hell     | Found a gateway to the Iron City of Dis.
 29706 | Dis:1    | Entered Level 1 of the Iron City of Dis
 29734 | Dis:2    | You are sucked into a shaft and drop 1 floor!
 29823 | Dis:4    | Reached skill level 10 in Translocations
 30003 | Dis:7    | Entered Level 7 of the Iron City of Dis
 30255 | Dis:7    | Noticed a juggernaut
 30262 | Dis:7    | Killed a juggernaut
 30294 | Dis:7    | Noticed a juggernaut
 30298 | Dis:7    | Killed a juggernaut
 30437 | Dis:7    | Noticed a juggernaut
 30441 | Dis:7    | Killed a juggernaut
 30442 | Dis:7    | Reached skill level 15 in Translocations
 30466 | Dis:7    | Found the +4 staff of Dispater
 30466 | Dis:7    | Noticed Dispater
 30573 | Dis:7    | Found the ring of the Octopus King
 30580 | Dis:7    | Identified a ring of the Octopus King {HP+2 AC+2 EV+2 SH+2
                  | SInv}
 30593 | Dis:7    | Got an iron rune of Zot
 30619 | Dis:7    | Killed Dispater
 30852 | Depths:3 | Noticed a juggernaut
 30861 | Depths:3 | Killed a juggernaut
 31006 | Depths:3 | Found Wiggeoph's Book Boutique.
 31006 | Depths:3 | Found Jext's Jewellery Shoppe.
 31007 | Depths:3 | Found Natedu's Book Boutique.
 31013 | Depths:3 | Bought a book of Cantrips for 276 gold pieces
 31013 | Depths:3 | Bought a book of Ice for 1058 gold pieces
 31013 | Depths:3 | Bought the Folio of the Meadowlark for 1104 gold pieces
 31131 | Depths:1 | Learned a level 7 spell: Malign Gateway
 31140 | Depths:1 | Learned a level 8 spell: Disjunction
 31184 | Depths:2 | Found an ornate altar of the Wu Jian Council.
 31414 | Depths:2 | Found a one-way gate leading to the halls of Pandemonium.
 31432 | Pan      | Entered Pandemonium
 31478 | Pan      | Learned a level 1 spell: Apportation
 31494 | Pan      | Noticed Xafre the pandemonium lord
 31508 | Pan      | Killed Xafre the pandemonium lord
 31681 | Pan      | Found a glowing silver altar of Zin.
 31792 | Pan      | Noticed a seraph
 31797 | Pan      | Killed a seraph
 31973 | Pan      | Identified the +0 tower shield "Damnable Contraption"
                  | {Str-4 Int+4 Dex+3 Slay+3}
 32104 | Pan      | Found a white marble altar of Elyvilon.
 32384 | Pan      | Learned a level 9 spell: Polar Vortex
 32613 | Pan      | Found a glowing golden altar of the Shining One.
 32632 | Pan      | Got a demonic rune of Zot
 32696 | Depths:2 | Escaped Pandemonium
 32702 | Pan      | Entered the realm of Gloorx Vloq.
 32702 | Pan      | Entered Pandemonium
 32708 | Pan      | Noticed Gloorx Vloq
 32716 | Pan      | Killed Gloorx Vloq
 32745 | Pan      | Got a dark rune of Zot
 32960 | Pan      | Noticed Umeow the pandemonium lord
 32965 | Pan      | Killed Umeow the pandemonium lord
 33009 | Pan      | Found a runed translucent door.
 33018 | Pan      | Found a runed translucent door.
 33022 | Pan      | Found a runed translucent door.
 33026 | Pan      | Noticed Muoluacse the pandemonium lord
 33027 | Pan      | Found a runed translucent door.
 33033 | Pan      | Killed Muoluacse the pandemonium lord
 33053 | Pan      | Identified the +2 buckler of Barnacled Amelioration {Harm
                  | Str+4}
 33105 | Pan      | Gained mutation: You occasionally lose the ability to drink
                  | potions when taking damage. [a cacodemon]
 33131 | Pan      | Noticed Qer Coug the pandemonium lord
 33145 | Pan      | Killed Qer Coug the pandemonium lord
 33206 | Pan      | Found a runed translucent door.
 33211 | Pan      | Found a runed translucent door.
 33220 | Pan      | Found a runed translucent door.
 33222 | Pan      | Noticed Vevot the pandemonium lord
 33233 | Pan      | Killed from afar by Vevot the pandemonium lord

Illustrated notes

Levels and vault maps discovered:
D:1:      wheals_arrival_linesprint, layout_basic, chequers_mini_garden,
          minmay_misc_feat_chi
D:2:      wander_river, layout_basic, grunt_decor_arrowhead
D:3:      minmay_octagon_keep, layout_rooms, serial_shops, nicolae_shop_crystal,
          uniq_crazy_yiuf_cottage
D:4:      layout_basic, minitemple
D:5:      layout_loops_ring, temple_fountains
D:6:      layout_loops_cross, minmay_door_square, uniq_maggie, uniq_edmund
D:7:      layout_cave_pools, serial_bayou, serial_bayou_shore_a,
          serial_bayou_lagoon_a, serial_bayou_lake_a, serial_bayou_lagoon_b,
          serial_bayou_pond_d, serial_bayou_crossing, grunt_ministairs_9,
          minmay_fractal_squares_5
D:8:      layout_basic, lair_entry_dummy, serial_shops,
          nicolae_shop_advertising_works [nicolae_subvault_shop_adworks],
          nicolae_shop_hallway_stairs, kennysheep_mini_moat,
          nicolae_take_the_stairs, serial_bayou_pond_a, reono_crystal_passage,
          nicolae_elevator_lobby_asterisk, uniq_joseph, uniq_grum
D:9:      layout_roguey, minivault_1, columned_hall_lemuel
D:10:     layout_irregular_city, serial_shops, nicolae_lakefront_shop
D:11:     layout_cave_pools, kennysheep_orc_monster_closet_entryway
D:12:     layout_basic
D:13:     layout_irregular_city, david_vaults_3, chequers_serial_rivers_micro_b,
          nicolae_shop_overcharged_wands
D:14:     layout_irregular_city, cheibrodos_ashenzari_chains
D:15:     grunt_enter_depths_giant_problem, layout_long_grid, enter_trove_3,
          minmay_misc_feat_cross
Temple:   zaba_magenta_temple
Lair:1:   layout_roguey, eino_small_chamber_without_monster,
          pdpol_lair_cavern_descent
Lair:2:   layout_loops_ring, elwin_shoals_entry_rooms, uniq_erica
Lair:3:   layout_cellular_growth, nicolae_snake_entry_warm_welcome,
          grunt_megastairs_1, uniq_amaemon
Lair:4:   layout_layer_cave, minmay_slime_entry_pillars, portal_ice_cave_rime
Lair:5:   minmay_lair_end_frog_pond, layout_long_grid, serial_bayou_pond_c
Shoals:1: layout_shoals, serial_shops, nicolae_shop_statue_plus, uniq_louise
Shoals:2: layout_shoals, nicolae_shoals_bring_sunscreen
Shoals:3: nzn_motion_control, layout_shoals
Shoals:4: shoals_end_simple, layout_shoals
Snake:1:  layout_layer_cave, ebering_ghost_xom, st_stairs_5,
          nicolae_snake_single_loop, nicolae_snake_salamander_fort,
          minmay_shop_star
Snake:2:  layout_gridlike, ebering_ghost_gozag, nicolae_snake_springs,
          lemuel_fruit_tree, minmay_shoptagon, uniq_vashnia, uniq_aizul
Snake:3:  layout_gridlike, uniq_donald, uniq_nikola, uniq_asterion
Snake:4:  snake_pit_salamanders_mu, layout_basic
Orc:1:    layout_caves
Orc:2:    st_orc_elflike, layout_caves, serial_shops, nicolae_square_shop,
          uniq_josephine, uniq_erolcha, uniq_snorg, uniq_azrael
Elf:1:    layout_gridlike, serial_shops, shop, minivault_28
Elf:2:    elven_hall_of_blades_hangedman_alternative [nicolae_blade_tridents],
          layout_geoelf_diagonals, serial_shops,
          nicolae_shop_overgrown_old_shop, nicolae_shop_overgrown_old_shop,
          nicolae_shop_statue_plus, minivault_20
Elf:3:    minmay_elf_hall_quartered_circle, layout_loops_corners, serial_shops,
          shop
Vaults:1: vaults_dpeg_ring, hangedman_vaults_corner, v_misc_12,
          grunt_vaults_trifunnel, vaults_room_pool, v_pattern_5,
          hangedman_vaults_cutoff, ontoclasm_vaults_pinch, v_misc_18,
          layout_vaults_maze_snakey
Vaults:2: grunt_vaults_swirl, vaults_room_semicircle, ontoclasm_vaults_chip,
          hangedman_vaults_cutoff, hangedman_vaults_trim,
          hangedman_vaults_stagger, nicolae_vaults_windows_and_doors_thing,
          nicolae_vaults_asterisk, layout_vaults_quadrants, serial_shops, shop
Vaults:3: minmay_crypt_entry_simple_corners, v_misc_29, v_misc_27,
          hangedman_vaults_corner_blocks, ontoclasm_vaults_gateway,
          nicolae_vaults_three_branches, nicolae_vaults_circle_grid_b,
          ontoclasm_vaults_idyll, v_misc_13, v_misc_10, hangedman_vaults_locks,
          dpeg_vaults_monster_box, vaults_dpeg_emergency_exit,
          nicolae_vaults_little_squares_2, layout_vaults_omnicross,
          serial_shops, nicolae_lakefront_shop
Vaults:4: hangedman_vaults_stitches, nicolae_vaults_yaktaur_gun_rack,
          nicolae_vaults_big_ls, vaults_room_hallway, v_rooms_2,
          nicolae_vaults_ninety_degrees, vaults_room_fancy_cross,
          hangedman_vaults_hat, special_room_vaults [special_room_orc],
          ontoclasm_vaults_bender, nicolae_vaults_specimen_jars,
          layout_vaults_omnibox
Vaults:5: serial_shops
Crypt:1:  gammafunk_its_a_trap, layout_rooms, door_vault, uniq_saint_roka,
          uniq_vv
Crypt:2:  layout_regular_city
Crypt:3:  lightli_unholy_cathedral, layout_chaotic_city,
          nicolae_tomb_entry_rubble_hallway, uniq_margery
Depths:1: layout_cross, kiku_gazebo_pond_becter, pf_hell_entry_tar_spiral,
          chequers_serial_rivers_micro_b, nicolae_elyvilon_peaceful_grove
Depths:2: minmay_glassy_protrusions, layout_basic, grunt_pan_entry_spiral,
          pdpol_wu_jian_five_deadly_venoms, abyss_entry, hell_entry,
          minmay_staircase_statues, grunt_megastairs_3, serial_bayou_shore_b
Depths:3: minmay_inside_and_out, layout_small_grid, hell_entry, abyss_entry,
          serial_bayou_shore_b, infiniplex_staircase_spiral, firewood_loft,
          minmay_shop_grove
Depths:4: evilmike_zot_entry_argh, layout_cave_shapes, enter_ziggurat_f,
          serial_shops, nicolae_shop_statue_plus,
          nemelex_xobeh_ov_fountains_minmay, grunt_mini_vestibule,
          abyss_entry_small_statue_room, nzn_hepliaklqana_mist_gate,
          uniq_josephina
Hell
Dis:1:    layout_subdivisions
Dis:2:    layout_subdivisions
Dis:3:    layout_overlapping_boxes
Dis:4:    layout_gridville
Dis:5:    layout_overlapping_boxes
Dis:6:    layout_gridville
Dis:7:    dis_grunt_layers
Geh:1:    layout_gehenna_pools_basic
Geh:2:    layout_gehenna_pools_box, nicolae_geh_gnashing_of_teeth
Geh:3:    layout_gehenna_pools_basic, lemuel_flamethrower_2
Geh:4:    layout_gehenna_pools_triple
Geh:5:    layout_gehenna_pools_basic
Geh:6:    layout_gehenna_lava_caves
Geh:7:    geh_grunt
Coc:1:    layout_cocytus_delve
Coc:2:    layout_ice_bergs
Coc:3:    layout_cocytus_water_paths
Coc:4:    layout_cocytus_water_paths
Coc:5:    layout_cocytus_water_paths, nicolae_coc_statues_of_limitations
Coc:6:    layout_cocytus_water_paths
Coc:7:    coc_grunt
Tar:1:    nicolae_tar_funeral_procession, layout_cathedral_of_symmetry
Tar:2:    layout_honeycomb
Tar:3:    layout_grid_maze, nicolae_hells_hurtin_island
Tar:4:    layout_honeycomb
Tar:5:    layout_cathedral_of_symmetry
Tar:6:    layout_catacombs, evilmike_ambush [evilmike_ambush_outer_corners,
          evilmike_ambush_inner_pond]
Tar:7:    tar_minmay_river
Zot:1:    layout_cellular_growth, basic_altar, lemuel_baited_zot_trap
Zot:2:    layout_concentric_octagons
Zot:3:    layout_onion_interference
Pan:      evilmike_mini_pan_thingy, layout_chambers, nicolae_pan_strange_glyphs
          [nicolae_pan_strange_glyph_spite, nicolae_pan_strange_glyph_despair,
          nicolae_pan_strange_glyph_rage], evilmike_holy_pan,
          evilmike_gloorx_vloq_box, layout_pan_divisions_b
          [pan_division_quadrant_b6, pan_division_quadrant_b6,
          pan_division_quadrant_b3, pan_division_quadrant_b2], rand_demon_3,
          layout_cellular_growth, rand_demon_7, layout_rooms,
          nicolae_pan_diamonds, layout_pan_divisions_a
          [pan_division_quadrant_a4, pan_division_quadrant_a2,
          pan_division_quadrant_a2, pan_division_quadrant_a4,
          pan_division_octagon_empty], rand_demon_7, layout_grid_shapes,
          nicolae_pan_sigil_nadil

Skill      XL: |  1  2  3  4  5  6  7  8  9 10 11 12 13 14 15 16 17 18 19 20 21 22 23 24 25 26 27 |
---------------+----------------------------------------------------------------------------------+-----
Unarmed Combat | 4 5 7 9 10 11 13 15 17 20 | 20.0
Hexes          | 2 3 4 |  4.0
Ice Magic      | 2 3 7 9 10 12 15 19 | 19.9
Spellcasting   | 2 3 4 5 7 9 11 12 13 15 17 20 | 20.0
Dodging        | 7 10 11 13 14 15 | 15.4
Invocations    | 6 12 15 | 15.7
Stealth        | 8 10 13 18 | 18.0
Fighting       | 7 10 12 13 14 16 20 | 20.0
Necromancy     | 3 |  3.0
Shields        | 6 12 17 18 | 18.6
Transmutations | 6 11 12 | 12.0
Poison Magic   | 5 |  5.0
Earth Magic    | 1 8 |  8.0
Summonings     | 9 10 | 10.0
Translocations | 16 | 16.0

Action                     |  1- 3 |  4- 6 |  7- 9 | 10-12 | 13-15 | 16-18 | 19-21 | 22-24 | 25-27 || total
---------------------------+-------+-------+-------+-------+-------+-------+-------+-------+-------++-------
  Melee: Unarmed           |    37 |    60 |   289 |   402 |   544 |   338 |   406 |   827 |  1966 ||  4869
         Constrict         |    10 |    11 |    60 |    60 |    72 |     6 |     5 |   123 |   186 ||   533
         Tentacles         |     8 |    15 |    70 |   112 |   160 |    11 |    15 |   280 |   688 ||  1359
         Punch             |       |     3 |    18 |    38 |    60 |    14 |    35 |   135 |   413 ||   716
         Bite              |       |       |       |       |       |    17 |    58 |    22 |       ||    97
         Tailslap          |       |       |       |       |       |    18 |    70 |    29 |       ||   117
  Throw: Dart              |       |       |       |     7 |       |       |       |     1 |     2 ||    10
   Cast: Ozocubu's Armour  |       |       |       |    19 |    29 |     5 |       |       |       ||    53
         Frozen Ramparts   |       |       |       |    20 |    19 |     1 |     2 |     2 |    10 ||    54
         Tukima's Dance    |       |       |       |    12 |     1 |       |       |       |       ||    13
         Hailstorm         |       |       |       |     3 |     3 |       |       |       |       ||     6
         Metabolic Englaci |       |       |       |     8 |     4 |     4 |       |       |     1 ||    17
         Ozocubu's Refrige |       |       |       |       |    80 |   219 |    74 |    79 |    17 ||   469
         Ice Form          |       |       |       |       |     4 |    33 |       |       |       ||    37
         Dragon Form       |       |       |       |       |       |    23 |    49 |     9 |       ||    81
         Simulacrum        |       |       |       |       |       |     4 |       |     1 |     1 ||     6
         Vhi's Electric Ch |       |       |       |       |       |     1 |       |       |    18 ||    19
         Eringya's Noxious |       |       |       |       |       |       |    11 |    34 |    21 ||    66
         Statue Form       |       |       |       |       |       |       |     5 |    60 |   155 ||   220
         Summon Forest     |       |       |       |       |       |       |       |       |     7 ||     7
         Manifold Assault  |       |       |       |       |       |       |       |       |   201 ||   201
         Malign Gateway    |       |       |       |       |       |       |       |       |    13 ||    13
         Apportation       |       |       |       |       |       |       |       |       |     7 ||     7
         Disjunction       |       |       |       |       |       |       |       |       |     1 ||     1
 Invoke: Slouch            |       |       |       |     1 |    17 |     6 |    19 |     8 |    47 ||    98
         Temporal Distorti |       |       |       |       |     1 |     1 |       |       |     1 ||     3
         Step From Time    |       |       |       |       |       |       |       |       |     7 ||     7
  Evoke: Wand              |       |       |     1 |    45 |    52 |     2 |       |       |     6 ||   106
         Box of beasts     |       |       |       |       |     3 |       |       |       |     1 ||     4
         Phantom mirror    |       |       |       |       |     2 |     2 |       |       |     2 ||     6
         Lightning rod     |       |       |       |       |       |       |     1 |       |       ||     1
         Condenser vane    |       |       |       |       |       |       |     1 |       |       ||     1
         Phial of floods   |       |       |       |       |       |       |       |       |     1 ||     1
    Use: Scroll            |     1 |       |       |    23 |    10 |     3 |     3 |     3 |    14 ||    57
         Potion            |       |     1 |     5 |     6 |    16 |     3 |     4 |     1 |    14 ||    50
   Stab: Sleeping          |    11 |     2 |    32 |     6 |     8 |     6 |     8 |     3 |     9 ||    85
         Distracted        |       |       |     4 |     1 |     3 |     3 |     4 |     1 |    14 ||    30
 Armour: Skin              |     2 |     4 |    19 |    18 |   155 |    58 |    58 |   266 |   456 ||  1036
  Dodge: Dodged            |    12 |    32 |   205 |   484 |   766 |   531 |   715 |  2443 |  2720 ||  7908
  Block: Other             |       |       |       |     8 |       |       |       |       |       ||     8
         Buckler           |       |       |       |       |    14 |    11 |     9 |       |       ||    34
         Tower shield      |       |       |       |       |       |       |    18 |  1929 |  3572 ||  5519

Table legend: (Time is in decaauts)
 A = Elapsed time spent in this place.
 B = Non-inter-level travel time spent in this place.
 C = Inter-level travel time spent in this place.
 D = Time resting spent in this place.
 E = Time spent auto-exploring this place.
 F = Levels seen in this place.
 G = Mean time per level.
                   A        B        C        D        E       F      G
               +--------+--------+--------+--------+--------+-----+--------+
         Total |  56187 |  48865 |   7322 |   1230 |   5376 |  86 |  653.3 |
       Dungeon |  14639 |  11746 |   2893 |     71 |   5034 |  15 |  975.9 |
        Temple |    156 |    135 |     21 |      0 |    104 |   1 |  156.0 |
          Lair |   6588 |   5136 |   1452 |    164 |      0 |   5 | 1317.6 |
        Shoals |   2353 |   2157 |    196 |      6 |      0 |   4 |  588.2 |
     Snake Pit |   3058 |   2722 |    336 |      0 |      0 |   4 |  764.5 |
  Orcish Mines |   2015 |   1537 |    478 |     99 |    206 |   2 | 1007.5 |
   Elven Halls |   2267 |   2097 |    170 |      4 |      0 |   3 |  755.7 |
        Vaults |   4247 |   3686 |    561 |      0 |      0 |   5 |  849.4 |
         Crypt |   1100 |    965 |    135 |      0 |      0 |   3 |  366.7 |
        Depths |   3913 |   3523 |    390 |      0 |      0 |   4 |  978.2 |
          Hell |    807 |    768 |     39 |      0 |      0 |   1 |  807.0 |
           Dis |   2117 |   2117 |      0 |      0 |      0 |   7 |  302.4 |
       Gehenna |   2217 |   1966 |    251 |      0 |      0 |   7 |  316.7 |
       Cocytus |   1765 |   1765 |      0 |     72 |      0 |   7 |  252.1 |
      Tartarus |   2289 |   2095 |    194 |     49 |      0 |   7 |  327.0 |
           Zot |   1411 |   1210 |    201 |      0 |      0 |   3 |  470.3 |
   Pandemonium |   3930 |   3930 |      0 |      0 |      0 |   7 |  561.4 |
      Ice Cave |   1307 |   1307 |      0 |    764 |     31 |   1 | 1307.0 |
               +--------+--------+--------+--------+--------+-----+--------+

Top non-repeatable levels by time:
  Lair:1: 1751 daAuts
     D:8: 1598 daAuts
   Dis:7: 1538 daAuts
Depths:2: 1538 daAuts
  Lair:2: 1437 daAuts
     D:4: 1360 daAuts
Depths:3: 1348 daAuts
     D:9: 1320 daAuts
   IceCv: 1307 daAuts
Vaults:5: 1287 daAuts
     D:5: 1285 daAuts
  Lair:3: 1278 daAuts
 Snake:2: 1244 daAuts
     D:3: 1207 daAuts
   Orc:2: 1160 daAuts
